 Dungeon Crawl Stone Soup version 0.28-a0-925-gd5e1996cdb (webtiles) character file.

Game seed: 6512862213671104152

1082 Anon1729 the Slasher (level 8, -1/70 HPs)
             Began as a Minotaur Monk on Nov 26, 2021.
             Was a Plaything of Xom.
             Succumbed to a gnoll's poison
             ... on level 6 of the Dungeon.
             The game lasted 00:07:49 (6106 turns).

Anon1729 the Slasher (Minotaur Monk)                Turns: 6106, Time: 00:07:50

Health: -1/70      AC: 12    Str: 16    XL:     8   Next: 8%
Magic:  7/7        EV:  6    Int:  5    God:    Xom [...*..]
Gold:   279        SH:  0    Dex: 13    Spells: 7/7 levels left

rFire   . . .      SeeInvis .   a - +0 falchion
rCold   . . .      Faith    .   (no shield)
rNeg    . . .      Spirit   .   t - +0 plate armour
rPois   .          Reflect  .   (helmet restricted)
rElec   .          Harm     .   (no cloak)
rCorr   .          Rampage  .   (no gloves)
Will    .....                   (no boots)
Stlth   ..........              (no amulet)
HPRegen 0.21/turn               (no ring)
MPRegen 0.10/turn               (no ring)

@: lethally poisoned (-1 -> -25), unable to read
A: horns 2, retaliatory headbutt, claws 2, camouflage 1, dopey 1, screaming 1,
weak 1, wild magic 1, inability to read while threatened
a: Renounce Religion


You were on level 6 of the Dungeon.
You worshipped Xom.
You were a favourite toy of Xom.
You visited 1 branch of the dungeon, and saw 6 of its levels.

You collected 279 gold pieces.

Inventory:

Hand Weapons
 a - a +0 falchion (weapon)
Armour
 b - a +0 robe
 n - a +0 leather armour
 q - a +0 chain mail
 t - a +0 plate armour (worn)
Jewellery
 d - a ring of ice
Wands
 o - a wand of iceblast (8)
Scrolls
 c - 3 scrolls of teleportation {unknown}
 h - 5 scrolls of identify {unknown}
 i - 2 scrolls of enchant armour {unknown}
 k - a scroll of noise {unknown}
 p - a scroll of fear {unknown}
 u - 2 scrolls of holy word {unknown}
Potions
 e - a potion of magic
 f - a potion of might {unknown}
 j - a potion of cancellation
 l - a potion of haste
 m - a potion of flight {unknown}
 r - a potion of lignification {unknown}
 s - a potion of ambrosia {unknown}


   Skills:
 + Level 5.8 Fighting
 * Level 7.0 Long Blades
 * Level 5.1 Armour
 + Level 5.3 Dodging
 + Level 3.7 Stealth


You had 7 spell levels left.
You didn't know any spells.
Your spell library was empty.

Dungeon Overview and Level Annotations

Branches:
Dungeon (6/15)             Temple (0/1) D:6

Altars:
Makhleb
Xom
Yredelemnul

Annotations:
D:2 Sigmund
D:6 exclusion: 2 doors


Innate Abilities, Weirdness & Mutations

You have a pair of horns on your head.
You reflexively headbutt those who attack you in melee.
You have very sharp fingernails.
Your skin changes colour to match your surroundings (Stealth+).
You are dopey. (Int -2)
You occasionally shout uncontrollably at your foes.
You are weak. (Str -2)
Your spells are a little harder to cast, but a little more powerful.
You sometimes lose the ability to read scrolls when taking damage.


Message History

You become entangled in the net!
You see here a throwing net.
You struggle against the net.
You feel very sick. The gnoll hits you but does no damage.
You struggle against the net.
You feel sick. The gnoll completely misses you.
The gnoll hits you but does no damage.
You struggle against the net.
You feel sick.
The gnoll hits you from afar with a +1 halberd of venom.
You are more poisoned.
The gnoll hits you but does no damage.
You shred the net and break free!
You feel very sick.
The gnoll hits you from afar with a +1 halberd of venom.
You are lethally poisoned!
The gnoll hits you with a +0 flail.
* * * LOW HITPOINT WARNING * * *
You feel much better.
You feel very sick.
The gnoll hits you from afar with a +1 halberd of venom!
You feel threatened and lose the ability to read scrolls!
You are lethally poisoned!
* * * LOW HITPOINT WARNING * * *
You feel extremely sick.
* * * LOW HITPOINT WARNING * * *
You feel very sick.
* * * LOW HITPOINT WARNING * * *
You feel very sick.
It was a potion of haste.
You feel yourself speed up.
* * * LOW HITPOINT WARNING * * *
You feel very sick.
The gnoll hits you from afar with a +1 halberd of venom.
* * * LOW HITPOINT WARNING * * *
You are more poisoned.
It was a potion of cancellation.
Your magical effects are unravelling.
You feel magically purged.
You feel yourself slow down.
You die...
Xom howls with laughter!

.........#######
##............(.
.........###### #.
............##### ..
................#####.###
.........##..##.......#.##
.##########...#...##.....#
.....#####..#............###
(..........##...@..........
##..........#...g........#
####.....#........g......#
#.......##.........g.....#
..####.......#####...g...#
.#####.##.....# ####'####
............#.# #(....#
......####..# #.#'#.#
........##...# +.#>#.'.#


You could see 4 gnolls.

Vanquished Creatures
  2 ice beasts (D:6)
  An ogre (D:5)
  A centaur (D:6)
  A scorpion (D:6)
  2 water moccasin skeletons
  A centaur zombie (D:6)
  A bullfrog zombie (D:5)
  A jelly (D:5)
  2 hounds
  An orc priest (D:5)
  An iguana (D:4)
  2 orc wizards (D:6)
  A hound zombie (D:5)
  A hound skeleton (D:4)
  3 gnolls
  2 howler monkey skeletons (D:4)
  3 adders
  A shadow imp (D:5)
  2 adder skeletons
  2 worms
  12 orcs
  9 endoplasms
  4 giant cockroaches
  5 goblins
  6 hobgoblins
  8 kobolds
  3 quokkas
  7 ball pythons
  7 bats
  A frilled lizard (D:1)
  3 rats
96 creatures vanquished.

Vanquished Creatures (collateral kills)
  An orc warrior (D:5)
  A shadow imp (D:5)
  2 orcs (D:5)
  A goblin (D:4)
5 creatures vanquished.

Vanquished Creatures (others)
  3 fungi (D:4)
  5 toadstools (D:4)
8 creatures vanquished.

Grand Total: 109 creatures vanquished

Notes
Turn   | Place    | Note
-------+----------+-------------------------------------------
     0 | D:1      | Anon1729 the Minotaur Monk began the quest for the Orb.
     0 | D:1      | Reached XP level 1. HP: 19/19 MP: 0/0
   386 | D:1      | Reached XP level 2. HP: 21/27 MP: 1/1
   829 | D:1      | Reached skill level 4 in Long Blades
   946 | D:2      | Noticed Sigmund
  1007 | D:2      | Reached XP level 3. HP: 29/33 MP: 2/2
  2315 | D:3      | Noticed a golden eye
  2317 | D:3      | Found a faded altar of an unknown god.
  2319 | D:3      | Noticed a shining eye
  2319 | D:3      | Noticed an eye of devastation
  2319 | D:3      | Noticed a great orb of eyes
  2329 | D:3      | Prayed at the altar of an unknown god.
  2329 | D:3      | Became a worshipper of Xom the Random
  2604 | D:3      | You fall into a shaft and drop 1 floor!
  2604 | D:4      | XOM: stealth player
  2608 | D:4      | Reached XP level 4. HP: 41/41 MP: 3/3
  2791 | D:4      | XOM: silly message
  2957 | D:4      | XOM: summons 4 friendly demons
  2962 | D:4      | Reached skill level 1 in Armour
  2982 | D:4      | Reached XP level 5. HP: 38/47 MP: 4/4
  3031 | D:4      | XOM: divination: detect items
  3449 | D:4      | XOM: smoke on damage
  3454 | D:4      | Reached skill level 5 in Long Blades
  3774 | D:4      | Found a basalt altar of Yredelemnul.
  3876 | D:5      | Entered Level 5 of the Dungeon
  3889 | D:5      | XOM: give mutations
  3889 | D:5      | Gained mutation: You sometimes lose the ability to read
                  | scrolls when taking damage. [Xom's mischief]
  3889 | D:5      | Gained mutation: You are clumsy. (Dex -2) [Xom's mischief]
  3889 | D:5      | Gained mutation: You are frail. (-10% HP) [Xom's mischief]
  3916 | D:5      | Found a burning altar of Makhleb.
  4134 | D:5      | Noticed an ogre
  4138 | D:5      | XOM: enchant monster (good)
  4140 | D:5      | Killed an ogre
  4141 | D:5      | Reached XP level 6. HP: 38/49 MP: 5/5
  4347 | D:5      | XOM: give mutations
  4347 | D:5      | Gained mutation: You have sharp fingernails. [Xom's
                  | mischief]
  4347 | D:5      | Gained mutation: You are dopey. (Int -2) [Xom's mischief]
  4347 | D:5      | Gained mutation: You occasionally shout uncontrollably at
                  | your foes. [Xom's mischief]
  4347 | D:5      | Gained mutation: Your skin changes colour to match your
                  | surroundings (Stealth+). [Xom's mischief]
  4360 | D:5      | Reached skill level 5 in Fighting
  4381 | D:5      | XOM: give mutations
  4381 | D:5      | Gained mutation: You possess an exceptional clarity of
                  | mind. [Xom's mischief]
  4381 | D:5      | Lost mutation: You are frail. (-10% HP) [Xom's mischief]
  4491 | D:5      | Noticed an orc warrior
  4502 | D:5      | XOM: silly message
  4525 | D:5      | XOM: swap monsters
  4526 | D:5      | Killed an orc warrior
  4527 | D:5      | Reached XP level 7. HP: 21/61 MP: 6/6
  4565 | D:5      | Reached skill level 6 in Long Blades
  4788 | D:5      | XOM: give mutations
  4788 | D:5      | Gained mutation: Your spells are a little harder to cast,
                  | but a little more powerful. [Xom's grace]
  4788 | D:5      | Lost mutation: You are clumsy. (Dex -2) [Xom's grace]
  4875 | D:5      | XOM: scenery: create altars
  4878 | D:5      | XOM: noise
  4901 | D:5      | XOM: enchant monster (bad)
  4944 | D:5      | XOM: draining
  5029 | D:5      | XOM: summons 1 hostile demon
  5182 | D:5      | XOM: give mutations
  5182 | D:5      | Lost mutation: You possess an exceptional clarity of mind.
                  | [Xom's mischief]
  5182 | D:5      | Gained mutation: You are weak. (Str -2) [Xom's mischief]
  5182 | D:5      | Gained mutation: You have very sharp fingernails. [Xom's
                  | mischief]
  5295 | D:5      | XOM: stat loss: -1 Int (4/5)
  5595 | D:6      | Reached skill level 5 in Dodging
  5598 | D:6      | XOM: enchant monster (bad)
  5856 | D:6      | Reached skill level 5 in Armour
  5856 | D:6      | Reached XP level 8. HP: 54/70 MP: 7/7
  5926 | D:6      | Reached skill level 7 in Long Blades
  6081 | D:6      | Found a staircase to the Ecumenical Temple.
  6092 | D:6      | XOM: blink monster(s)
  6105 | D:6      | HP: 2/70 [gnoll (3)]
  6106 | D:6      | Succumbed to a gnoll's poison

Illustrated notes

Levels and vault maps discovered:
D:1:      onia_arrival_mini_spirals, layout_basic, serial_forest,
          infiniplex_forest_clump_cross, infiniplex_forest_clump_small,
          infiniplex_forest_fountain, infiniplex_forest_pool,
          infiniplex_forest_clump_medium
D:2:      layout_basic, uniq_sigmund
D:3:      layout_basic, fedhas_altar_2, lemuel_coloured_pillars_altar,
          mainiacjoe_overflow_catwalk, hellmonk_ecumenical_altar_watching_god
D:4:      layout_cave_pools, yredelemnul_altar_generic, grunt_ministairs_13,
          kennysheep_diamond, minmay_gold_behind_fungi
D:5:      layout_basic, bloody_makhleb
D:6:      cheibrodos_iron_armory, layout_rooms, mainiacjoe_overflow_big_doors,
          minmay_temple_entry_glassed_door,
          nicolae_concentric_dashed_squares_wild, kennysheep_generic_room_12

Skill      XL: |  1  2  3  4  5  6  7  8 |
---------------+-------------------------+-----
Fighting       | 4 5 |  5.8
Long Blades    | 4 5 6 7 |  7.0
Stealth        | 2 3 |  3.7
Dodging        | 4 5 |  5.3
Armour         | 1 2 3 5 |  5.1

Action                   |  1- 3 |  4- 6 |  7- 9 || total
-------------------------+-------+-------+-------++-------
Melee: Falchion          |    94 |   106 |   108 ||   308
       Headbutt          |    14 |    22 |    23 ||    59
  Use: Potion            |       |       |     5 ||     5
 Stab: Sleeping          |     7 |     3 |       ||    10
       Distracted        |     1 |       |       ||     1
       Paralysed         |       |     2 |       ||     2
Armor: Robe              |    15 |       |       ||    15
       Leather armour    |       |     5 |       ||     5
       Chain mail        |       |    16 |    30 ||    46
       Plate armour      |       |       |    89 ||    89
Dodge: Dodged            |    63 |    53 |    48 ||   164

Table legend: (Time is in decaauts)
 A = Elapsed time spent in this place.
 B = Non-inter-level travel time spent in this place.
 C = Inter-level travel time spent in this place.
 D = Time resting spent in this place.
 E = Time spent auto-exploring this place.
 F = Levels seen in this place.
 G = Mean time per level.
                   A        B        C        D        E       F      G
               +--------+--------+--------+--------+--------+-----+--------+
         Total |   6127 |   5829 |    298 |   1495 |   3437 |   6 | 1021.2 |
       Dungeon |   6127 |   5829 |    298 |   1495 |   3437 |   6 | 1021.2 |
               +--------+--------+--------+--------+--------+-----+--------+

Top non-repeatable levels by time:
     D:5: 1728 daAuts
     D:1: 1565 daAuts
     D:4: 1009 daAuts
     D:2: 716 daAuts
     D:3: 606 daAuts
     D:6: 502 daAuts
